Match 41328270
Unlisted

Match 41328270
End
Construct Infanterie Kompanie
MG 42 Machine Gun Team
Selects Terror Battlegroup
Selects Machine Gun Camouflage
Kettenkrad Recon Vehicle
Grenadier Squad
MG 42 Machine Gun Team
GrW 34 Mortar Team
Construct Luftwaffe Kompanie
Support Elements
Grenadier Squad
Wirbelwind Flakpanzer
Grenadier Squad
Selects Defend the Fatherland
Marder III M Tank Destroyer
Grenadier Squad
Infanterie Officer Quarters
Wirbelwind Flakpanzer
MG 42 Machine Gun Team
Selects King Tiger Heavy Tank
King Tiger Heavy Tank
MG 42 Machine Gun Team
Selects Interrogate
Construct Panzergrenadier Kompanie
Pak 40 Anti-tank Gun Team
Selects Propaganda Leaflet Drop
Pak 40 Anti-tank Gun Team
Selects V1 Rocket Strike
StuG III G Assault Gun
StuG III G Assault Gun
StuG III G Assault Gun
V1 Rocket Strike
King Tiger Heavy Tank
Grenadier Squad
GEORGE LITTLEHOOF
5341K#02n
Tonani
JuanPi_Art
ElShileno123
Majovish
0
0

Comments sign in to comment!

No comments posted yet!